 Dungeon Crawl Stone Soup version 0.19.0-20-gbc5f0c6 (webtiles) character file.

70 pichaelthompson the Skirmisher (level 4, -2/35 HPs)
             Began as a Demonspawn Abyssal Knight on Nov 17, 2016.
             Was a Follower of Lugonu.
             Slain by a hound (3 damage)
             ... on level 2 of the Dungeon.
             The game lasted 00:10:14 (1923 turns).

pichaelthompson the Skirmisher (DsAK)               Turns: 1923, Time: 00:10:14

Health: -2/35      AC:  8    Str: 13    XL:     4   Next: 4%
Magic:  5/5        EV:  7    Int: 14    God:    Lugonu [*.....]
Gold:   58         SH:  0    Dex: 12    Spells: 0 memorised, 3 levels left

rFire  . . .     SeeInvis .     a - +1 mace
rCold  . . .     Gourm    .     j - +0 chain mail
rNeg   . . .     Faith    .     (no shield)
rPois  .         Spirit   .     (no helmet)
rElec  .         Reflect  .     (no cloak)
rCorr  .         Harm     .     (no gloves)
MR     .....                    (no boots)
Stlth  ..........               (no amulet)
                                (no ring)
                                (no ring)

@: lethally poisoned (-2 -> -4)
A: hooves 1, sturdy frame 1
a: Depart the Abyss, Renounce Religion


You were on level 2 of the Dungeon.
You worshipped Lugonu.
Lugonu was aware of your devotion.
You were not hungry.

You visited 1 branch of the dungeon, and saw 2 of its levels.
You visited the Abyss 1 time.

You collected 58 gold pieces.

Inventory:

Hand Weapons
 a - a +1 mace (weapon)
Missiles
 g - 2 tomahawks (quivered)
Armour
 j - a +0 chain mail (worn)
Scrolls
 d - 4 scrolls of remove curse
 e - a scroll of immolation {unknown}
 i - a scroll of blinking {unknown}
 k - 2 scrolls of identify {unknown}
 l - a scroll of magic mapping {unknown}
 m - a scroll of teleportation {unknown}
Potions
 b - a potion of heal wounds {unknown}
 f - a potion of lignification {unknown}
 h - 2 potions of experience {unknown}
 n - 2 potions of curing {unknown}
Comestibles
 c - 2 bread rations


   Skills:
 + Level 3.5 Fighting
 + Level 2.7 Maces & Flails
 + Level 2.4 Armour
 + Level 1.2 Dodging
 + Level 0.6 Stealth
 + Level 2.5 Invocations


You had 3 spell levels left.
You didn't know any spells.

Dungeon Overview and Level Annotations

Branches:
Dungeon (2/15)

Altars:


Innate Abilities, Weirdness & Mutations

You have large cloven feet.
Your movements are slightly less encumbered by armour. (ER -2)


Message History

A gnoll opens the door.
The hound completely misses you.
Found 24 stones.
There is an open door here.
You hit the hound. Your kick misses the hound.
The hound is lightly wounded.
The hound bites you.
* * * LOW HITPOINT WARNING * * *
The hound bites you but does no damage. x2; The hound bites you.
* * * LOW HITPOINT WARNING * * *
You sock the hound! Your kick misses the hound.
The hound is severely wounded.
The hound bites you but does no damage. The gnoll hits you but does no damage.
The hound closely misses you. The hound bites you but does no damage.
The hound bites you.
* * * LOW HITPOINT WARNING * * *
You closely miss the hound. Your kick misses the hound.
The hound is severely wounded.
* * * LOW HITPOINT WARNING * * *
You feel sick. The hound bites you.
You die...

#...# ##.# ##### # #...# #.#
##...###### ##.## #.###.#......##
#######.# #.##.##....#.##
#.......###########.#.###..#...##
..###.......##...[...............
............##...###..###.###..##
#.##.#####...........#.##<.....#
#.##.# #..#..P@P...##.###.####
#.##.# #..####h###.###..(##
#....# #..##('gh.#.# #####
..##.#####(#####...###
####.......# +...# # #.......#
###### # #.......# #.# #
#.......# #.# # #.......# #.#


You could see 2 hounds and a gnoll.

Vanquished Creatures
  2 adders (D:2)
  An ooze (D:1)
  2 worms (D:2)
  3 dart slugs (D:1)
  A leopard gecko (D:1)
  4 giant cockroaches (D:1)
  5 goblins
  3 hobgoblins
  2 kobolds
  2 ball pythons (D:2)
  5 bats
  3 frilled lizards (D:1)
  5 rats
38 creatures vanquished.

Notes
Turn   | Place    | Note
-------+----------+-------------------------------------------
     0 | Abyss:1  | pichaelthompson the Demonspawn Abyssal Knight began the quest for the Orb.
     0 | Abyss:1  | Reached XP level 1. HP: 18/18 MP: 2/2
    87 | Abyss:1  | Noticed an ancient zyme
   101 | D:1      | Escaped the Abyss
   119 | D:1      | Reached skill level 1 in Dodging
   341 | D:1      | Reached * piety under Lugonu
   370 | D:1      | Gained mutation: You have large cloven feet. [demonic ancestry]
   370 | D:1      | Reached XP level 2. HP: 24/24 MP: 3/3
   863 | D:1      | Reached XP level 3. HP: 29/29 MP: 4/4
  1911 | D:2      | Gained mutation: Your movements are slightly less encumbered by armour. (ER -2) [demonic ancestry]
  1911 | D:2      | Reached XP level 4. HP: 19/35 MP: 5/5
  1923 | D:2      | HP: 1/35 [poisoned by an adder]
  1923 | D:2      | Slain by a hound

Skill      XL: |  1 |
---------------+----+-----
Dodging        | 1 |  1.2
Maces & Flails | 2 |  2.7
Armour         | 2 |  2.4
Fighting       | |  3.5
Stealth        | |  0.6
Invocations    | |  2.5

Action                   |  1- 3 |  4- 6 || total
-------------------------+-------+-------++-------
Melee: Mace              |   129 |     3 ||   132
       Kick              |    23 |       ||    23
Invok: Depart the Abyss  |     1 |       ||     1
  Use: Scroll            |     1 |       ||     1
 Stab: Sleeping          |     1 |       ||     1
  Eat: Bread ration      |     1 |       ||     1
       Chunk             |     1 |       ||     1
Armor: Leather armour    |    13 |       ||    13
       Chain mail        |    83 |     5 ||    88
       Scale mail        |     2 |       ||     2
Dodge: Dodged            |    68 |     3 ||    71
